 Dungeon Crawl Stone Soup version 0.23.2-30-g0e89c35649 (webtiles) character file.

Game seed: 3718053956071032180

291 Folque the Gusty (level 6, 0/35 HPs)
             Began as a Tengu Air Elementalist on June 20, 2019.
             Slain by an ogre
             ... wielding a +0 giant club
              (15 damage)
             ... on level 4 of the Dungeon.
             The game lasted 00:11:47 (2880 turns).

Folque the Gusty (Tengu Air Elementalist)           Turns: 2880, Time: 00:11:49

Health: 0/35       AC:  4    Str:  8    XL:     6   Next: 32%
Magic:  4/11       EV: 12    Int: 18    God:
Gold:   127        SH:  0    Dex: 14    Spells: 5/11 levels left

rFire    . . .     SeeInvis .   l - +5 flail (drain)
rCold    . . .     Gourm    .   (no shield)
rNeg     . . .     Faith    .   a - +1 robe
rPois    .         Spirit   .   (helmet restricted)
rElec    .         Reflect  .   (no cloak)
rCorr    .         Harm     .   e - +0 pair of gloves
MR       .....                  (boots unavailable)
Stlth    ++........             (no amulet)
HPRegen  0.11/turn              (no ring)
MPRegen  0.12/turn              (no ring)

@: no status effects
A: beak, talons 3, able to fly
a: Fly


You were on level 4 of the Dungeon.
You were hungry.

You visited 1 branch of the dungeon, and saw 4 of its levels.

You collected 127 gold pieces.

Inventory:

Hand Weapons
 g - a +0 dagger
 l - a +5 flail of draining (weapon)
Missiles
 n - 7 poisoned needles
Armour
 a - a +1 robe (worn)
 e - a +0 pair of gloves (worn)
Wands
 q - a wand of enslavement (7)
Scrolls
 b - 4 scrolls of identify
 f - a scroll of enchant armour
Potions
 h - a potion of berserk rage
 j - 2 potions of haste
 m - 2 potions of brilliance
 p - a potion of degeneration {unknown}
 r - a potion of curing
Comestibles
 c - 3 rations
 d - 6 chunks of flesh


   Skills:
 + Level 2.2 Fighting
 - Level 2.1 Dodging
 - Level 2.0 Stealth
 - Level 3.0 Spellcasting
 + Level 4.0 Conjurations
 * Level 6.6 Air Magic


You had 5 spell levels left.
You knew the following spells:

 Your Spells              Type           Power        Failure   Level  Hunger
a - Shock                 Conj/Air       ###.         1%          1    None
b - Swiftness             Chrm/Air       ##......     6%          2    ##.....
c - Static Discharge      Conj/Air       ###.....     5%          3    ###....

Your spell library contained the following spells:

 Spells                   Type           Power        Failure   Level  Hunger
 Airstrike                Air            ####......   11%         4    ####...
 Lightning Bolt           Conj/Air       ###.......   45%         5    ######.


Dungeon Overview and Level Annotations

Branches:
Dungeon (4/15)
 Temple: D:4-7

Altars:
Elyvilon
Makhleb
Qazlal
The Shining One


Innate Abilities, Weirdness & Mutations

You have a beak for a mouth.
You have claws for feet.
You can fly continuously.


Message History

The ogre is lightly wounded.
The zap hits the ogre.
The ogre is moderately wounded.
Casting: Shock (safe; 1% risk of failure)
Confirm with . or Enter, or press ? or * to list all spells.
Aiming: Shock (safe; 1% risk of failure)
Press: ? - help, Shift-Dir - straight line The zap hits the ogre.
The ogre is moderately wounded.
The zap hits the ogre!
The ogre is severely wounded.
The ogre hits you with a +0 giant club!!
Ouch! That really hurt!
Casting: Shock (safe; 1% risk of failure)
Confirm with . or Enter, or press ? or * to list all spells.
The ogre is struck by an arc of lightning.
The ogre is severely wounded.
You are struck by an arc of lightning.
The lightning grounds out.
The ogre hits you with a +0 giant club!
You die...

.......# #.# .......#
#.# .......# #.#
.$.....# #)#
.......##### ###.#
...........####.#)####
..............#......#
........#..##.###.##.#
............#..O@.##.#
#.....####..########.#
#####.. ..>.. #.# ##
###### #.# #.# #.# #.#
#.# #.#


You could see an ogre.

Vanquished Creatures
  An orc priest (D:3)
  4 orc wizards (D:4)
  7 adders
  An ooze (D:1)
  4 worms
  2 dart slugs (D:1)
  2 leopard geckos
  9 orcs
  5 bats
  3 giant cockroaches
  10 goblins
  2 hobgoblins (D:1)
  7 jackals
  3 frilled lizards
  6 kobolds
  A quokka skeleton (D:3)
  3 rats
70 creatures vanquished.

Notes
Turn   | Place    | Note
-------+----------+-------------------------------------------
     0 | D:1      | Folque the Tengu Air Elementalist began the quest for the
                  | Orb.
     0 | D:1      | Reached XP level 1. HP: 10/10 MP: 4/4
    55 | D:1      | Reached XP level 2. HP: 14/15 MP: 3/6
   521 | D:1      | Reached XP level 3. HP: 18/19 MP: 6/8
   533 | D:1      | Learned a level 2 spell: Swiftness
   537 | D:1      | Learned a level 3 spell: Static Discharge
   933 | D:2      | Found a white marble altar of Elyvilon.
  1028 | D:2      | Found a burning altar of Makhleb.
  1320 | D:2      | Reached XP level 4. HP: 24/24 MP: 9/9
  1512 | D:3      | Reached skill level 5 in Air Magic
  1709 | D:3      | Reached skill level 1 in Fighting
  1739 | D:3      | Gained mutation: You can fly continuously. [Tengu growth]
  1739 | D:3      | Reached XP level 5. HP: 13/29 MP: 0/10
  1888 | D:3      | Found a stormy altar of Qazlal.
  2397 | D:3      | Found a glowing golden altar of the Shining One.
  2455 | D:4      | Reached skill level 6 in Air Magic
  2457 | D:4      | Reached XP level 6. HP: 17/35 MP: 1/11
  2880 | D:4      | Slain by an ogre

Skill      XL: |  1  2  3  4  5  6 |
---------------+-------------------+-----
Conjurations   | 2 3 4 |  4.0
Spellcasting   | 3 |  3.0
Air Magic      | 5 6 |  6.6
Fighting       | 1 2 |  2.2
Dodging        | |  2.1
Stealth        | |  2.0

Action                   |  1- 3 |  4- 6 || total
-------------------------+-------+-------++-------
Melee: Unarmed           |    12 |       ||    12
       Dagger            |    26 |    35 ||    61
       Kick              |     9 |    11 ||    20
       Peck              |     3 |     5 ||     8
       Flail             |       |    20 ||    20
 Cast: Shock             |    33 |    42 ||    75
       Static Discharge  |     2 |    12 ||    14
Evoke: Wand              |       |     1 ||     1
  Use: Scroll            |       |     8 ||     8
       Potion            |       |     1 ||     1
 Stab: Sleeping          |     2 |     1 ||     3
  Eat: Chunk             |     2 |     5 ||     7
Armor: Robe              |     8 |     9 ||    17
Dodge: Dodged            |    26 |    51 ||    77
